 Dungeon Crawl Stone Soup version 0.31-a0-222-gefeffbb62a (webtiles) character file.

Game seed: 6422258812261916709

25 qw the Shooter (level 2, 0/24 HPs)
             Began as a Minotaur Hexslinger on July 5, 2023.
             Slain by Robin
             ... wielding a +0 spear
              (5 damage)
             ... on level 2 of the Dungeon.
             The game lasted 00:00:15 (702 turns).

qw the Shooter (Minotaur Hexslinger)                 Turns: 702, Time: 00:00:16

Health: 0/24       AC:  3    Str: 12    XL:     2   Next: 86%
Magic:  2/2        EV: 11    Int: 10    God:
Gold:   52         SH:  0    Dex: 12    Spells: 2/3 levels left

rFire   . . .        a - +1 sling
rCold   . . .        (no shield)
rNeg    . . .        g - +0 leather armour
rPois   .            (helmet restricted)
rElec   .            (no cloak)
rCorr   .            (no gloves)
SInv    .            (no boots)
Will    .....        e - amulet of faith
Stlth   +            (no ring)
HPRegen 0.24/turn    (no ring)
MPRegen 0.08/turn

%: faith
@: no status effects
A: horns 2, retaliatory headbutt
a: no special abilities


You were on level 2 of the Dungeon.
You visited 1 branch of the dungeon, and saw 2 of its levels.

You collected 52 gold pieces.


Innate Abilities, Weirdness & Mutations

You have a pair of horns on your head.
You reflexively headbutt those who attack you in melee.


   Skills:
 - Level 2.0 Fighting
 + Level 3.5 Ranged Weapons
 - Level 2.1 Dodging
 - Level 1.0 Spellcasting
 - Level 2.0 Hexes


You had 2 spell levels left.
You knew the following spells:

 Your Spells              Type           Power      Damage    Failure   Level
a - Slow                  Hex            16%        N/A       19%         1

Your spell library contained the following spells:

 Spells                   Type           Power      Damage    Failure   Level
 Inner Flame              Hex/Fire       2%         N/A       65%         3
 Portal Projectile        Hex/Tloc       4%         N/A       65%         3
 Cause Fear               Hex            2%         N/A       88%         4

Inventory:

Hand Weapons
 a - a +1 sling (weapon)
Armour
 g - a +0 leather armour (worn)
Jewellery
 e - an amulet of faith (around neck)
Potions
 d - a potion of might {unknown}
 f - a potion of attraction {unknown}
 h - a potion of invisibility {unknown}
 i - a potion of magic {unknown}

Dungeon Overview and Level Annotations

Branches:
Dungeon (2/15)

Altars:

Shops:
D:1 :

Annotations:
D:2 Robin


Message History

You shoot a sling bullet.
The sling bullet hits the goblin but does no damage.
The goblin hits you with a +0 club.
Robin of the Strong Arm comes into view.
They are wielding a +0 spear.
You shoot a sling bullet.
The sling bullet barely misses the goblin.
Robin hits you from afar with a +0 spear.
The goblin completely misses you. The goblin hits you with a +0 club.
A goblin comes into view. It is wielding a +0 dagger.
You shoot a sling bullet. The sling bullet hits the goblin.
You kill the goblin!
Robin barely misses you.
You shoot a sling bullet. The sling bullet hits the goblin!
You kill the goblin!
Robin completely misses you.
You shoot a sling bullet. The sling bullet misses the goblin.
You hear a shout!
Robin closely misses you. The goblin hits you with a +0 dagger.
The goblin hits you but does no damage. Robin throws the goblin at you!
The goblin hits you with a club.
You hear a shout! x3; You hear an angry hiss.
You hear a shout!
You shoot a sling bullet. The sling bullet hits the goblin.
The goblin is severely wounded.
The goblin completely misses you.
Robin roars a battlecry!
The goblin goes into a battle-frenzy!
The goblin hits you but does no damage.
You hear a shout!
You shoot a sling bullet. The sling bullet hits the goblin.
You kill the goblin!
The goblin barely misses you.
Robin hits you from afar with a +0 spear.
You shoot a sling bullet.
The sling bullet closely misses the goblin.
The goblin hits you with a +0 club. Robin barely misses you.
You shoot a sling bullet.
The sling bullet barely misses the goblin.
The goblin hits you with a +0 club. Robin barely misses you.
Robin hits you from afar with a +0 spear.
You die...

#. .# . #.
.### ..# .
#g### ...
#@).#
#..###)#g#
#....<.# #
#.##.###
#. #. ..
#. ##


You could see Robin and a goblin (strong).

Vanquished Creatures
  2 ball pythons
  3 endoplasms (D:1)
  4 giant cockroaches (D:1)
  4 goblins (D:2)
  A hobgoblin (D:1)
  A quokka (D:1)
  3 bats (D:1)
  A frilled lizard (D:1)
  3 kobolds (D:1)
  A rat (D:1)
23 creatures vanquished.

Notes
Turn   | Place    | Note
-------+----------+-------------------------------------------
     0 | D:1      | qw the Minotaur Hexslinger began the quest for the Orb.
     0 | D:1      | Reached XP level 1. HP: 16/16 MP: 1/1
     0 | D:1      | 0 ||| qw: Version: 0.3-a-46-gb1f654a
     0 | D:1      | 0 ||| qw: Game counter: 1028
     0 | D:1      | 0 ||| qw: Melee chars always use a shield: true
     0 | D:1      | 0 ||| qw: God list: Okawaru
     0 | D:1      | 0 ||| qw: Allow faded altars: false
     0 | D:1      | 0 ||| qw: Do Orc after clearing Dungeon:15 true
     0 | D:1      | 0 ||| qw: Do second Lair branch before Depths: true
     0 | D:1      | 0 ||| qw: Lair rune preference: random
     0 | D:1      | 0 ||| qw: Goals: Normal
     0 | D:1      | 0 ||| PLANNING D:1-11
     1 | D:1      | Noticed an electric eel
   207 | D:1      | Reached skill level 3 in Ranged Weapons
   227 | D:1      | Reached XP level 2. HP: 23/23 MP: 2/2
   512 | D:1      | Found Haihof's Vocational Training.
   649 | D:1      | 649 ||| UPGRADING to +0 leather armour.
   659 | D:1      | 659 ||| DROPPING +0 robe.
   660 | D:1      | 660 ||| UPGRADING to amulet of faith.
   665 | D:1      | 665 ||| DROPPING scroll of poison.
   694 | D:2      | Noticed Robin
   702 | D:2      | HP: 5/24 [goblin/+0 club[Robin] (4)]
   702 | D:2      | Slain by Robin

Levels and vault maps discovered:
D:1:      arrival_aquarium_a, layout_loops_ring, nicolae_shop_vocational
D:2:      layout_loops_ring, dilly_ecumenical_altar_fadedgnrine, uniq_terence,
          uniq_robin

Skill      XL: |  1  2 |
---------------+-------+-----
Ranged Weapons | 3 |  3.5
Fighting       | 2 |  2.0
Dodging        | |  2.1
Spellcasting   | |  1.0
Hexes          | |  2.0

Action                     || total
---------------------------++-------
   Fire: Sling             ||    68
 Armour: Robe              ||     3
         Leather armour    ||     2
  Dodge: Dodged            ||    19

Table legend:
 A = Non-vault XP
 B = Vault XP
 C = Vault XP percentage of total XP
 D = Non-vault monster count
 E = Vault monster count
 F = Vault count percentage of total count
                 A         B        C        D         E       F
            +---------+---------+-------+---------+---------+-------
      Total |      33 |       4 |  10.8 |      20 |       3 |  13.0
            +---------+---------+-------+---------+---------+-------
        D:1 |      30 |       0 |   0.0 |      18 |       0 |   0.0
        D:2 |       3 |       4 |  57.1 |       2 |       3 |  60.0
            +---------+---------+-------+---------+---------+-------
